[Event "Late-Titled-Tuesday-Blitz-January-23-2024"]
[Site "Chess.com"]
[Date "2024.01.23"]
[Round "5"]
[White "GMRAVEN_ON_YOUTUBE"]
[Black "Brown_Mamba24"]
[Result "0-1"]
[WhiteElo "2837"]
[BlackElo "2650"]
[TimeControl "180+1"]
[EndTime "14:55:39 PST"]
[Termination "Brown_Mamba24 won on time"]

1. f4 d5 2. Nf3 c5 3. e3 Nf6 4. b3 Bg4 5. Bb2 e6 6. h3 Bxf3 7. Qxf3 Bd6 8. Bb5+ Nc6 9. Bxc6+ bxc6 10. d3 Qa5+ 11. Nd2 c4 12. dxc4 Bb4 13. O-O-O Qxa2 14. e4 a5 15. exd5 cxd5 16. f5 a4 17. fxe6 Ba3 18. exf7+ Kxf7 19. Qc3 d4 20. Qxd4 Rhd8 21.
Qe5 Bd6 22. Qc3 a3 23. Ba1 Bb4 24. Qe5 Ra5 25. Nf3 Rxe5 26. Bxe5 Re8 27. Bd4 Ne4 28. Rd3 Kg8 29. Rhd1 h6 30. Ne5 Nc5 31. Rg3 Ne6 32.
Nf3 g5 33. Be5 Bc5 34. Re1 Kh7 35. Re4 Bf8 36. h4 Bg7 37. hxg5 Bxe5 38. g6+ Kg7 39. Rxe5 Qa1+ 40. Kd2 Qxe5 41. Nxe5 a2 42. Rf3 a1=Q 43. Rf7+ Kg8 44. Nd7 Qd4+ 45. Kc1 Qa1+ 46. Kd2 Rd8 47. Ke2 Rxd7 48. Rxd7 Qe5+ 49. Kd2 Qf4+ 50. Kc3 Qf6+ 51. Kb4 Qxg6 52. c5 Qxc2 53. Rd5 Qxg2 54. Re5 Qb7+ 55. Kc4 Qa6+ 56. Kd5 Nc7+ 57. Kd4 Qb5 58. Re7 Na6 0-1

[Event "Late-Titled-Tuesday-Blitz-January-23-2024"]
[Site "Chess.com"]
[Date "2024.01.23"]
[Round "5"]
[White "underthebridge1999"]
[Black "HajiyevKanan"]
[Result "0-1"]
[WhiteElo "2381"]
[BlackElo "2567"]
[TimeControl "180+1"]
[EndTime "14:55:41 PST"]
[Termination "HajiyevKanan won by checkmate"]

1. e4 c6 2. d4 d5 3. e5 a6 4.
f4 Nh6 5. Nf3 Bg4 6. Be2 e6 7.
O-O c5 8. c3 Nc6 9. Be3 Qb6 10.
Nbd2 cxd4 11. cxd4 Nf5 12. Bf2 Be7 13. Nb3 O-O 14. h3 Bxf3 15. Bxf3 a5 16. g4 Nh4 17. Bh1 a4 18. Nc5 Qxb2 19. Rb1 Qc3 20. Qd3 Qxd3 21. Nxd3 Na5 22. Be1 g5 23. f5 Rfb8 24. fxe6 fxe6 25.
Rb6 Ra6 26. Rxa6 bxa6 27. Bxa5 Rb5 28. Be1 Ng6 29. Bd2 h6 30. Bf3 Kg7 31. Be2 a3 32. Nc5 Bxc5 33. dxc5 Rb2 34. Rd1 Rxa2 35. Bxa6 Rc2 36. Bb4 a2 37. Ra1 Nxe5 38. Be1 Nf3+ 39. Kf1 Nh2+ 40. Kg1 Nf3+ 41. Kf1 e5 42. c6 Nh2+ 43.
Kg1 Nf3+ 44. Kf1 d4 45. c7 Rxc7 46. Rxa2 Rc1 47. Re2 Kf6 48. Bd3 Ke6 49. Be4 Nxe1 50. Bf5+ Kd5 51. Rxe1 Rc3 52. Be4+ Kc4 53. Kg2 d3 54.
Kg1 Kd4 55. Rd1 Kxe4 56. Re1+ Kd4 57. Rf1 e4 58. Re1 d2 59. Rd1 Rc1 60. Kf2 Rxd1 61.
Ke2 Rh1 62. Kxd2 Rxh3 63. Ke2 Rh2+ 64. Kf1 Ke3 65. Kg1 Rf2 66. Kh1 Kf3 67. Kg1 e3 68.
Kh1 e2 69. Kg1 e1=Q# 0-1

[Event "Late-Titled-Tuesday-Blitz-January-23-2024"]
[Site "Chess.com"]
[Date "2024.01.23"]
[Round "5"]
[White "GMKrikor"]
[Black "DanylaBagrov"]
[Result "1-0"]
[WhiteElo "2779"]
[BlackElo "2524"]
[TimeControl "180+1"]
[EndTime "14:55:42 PST"]
[Termination "GMKrikor won by resignation"]

1. Nf3 d6 2. d4 f5 3. g3 g6 4. Bg2 Bg7 5. O-O Nf6 6. b3 O-O 7. Bb2 a5 8. Nbd2 a4 9. c4 c6 10. Qc2 Na6 11. Bc3 Kh8 12. b4 Nc7 13. a3 d5 14. e3 Ne4 15. Bb2 Be6 16. Rac1 Bg8 17. c5 Ne6 18. Ne1 g5 19. Nd3 Qe8 20. f3 Nxd2 21. Qxd2 h5 22. Rce1 Bh7 23. Ne5 Bxe5 24.
dxe5 f4 25. Bh3 g4 26. Bg2 fxg3 27. f4 gxh2+ 28. Kh1 h4 29. e4 h3 30. f5 hxg2+ 31. Qxg2 Ng5 32. e6+ Rf6 33. exd5 cxd5 34. Qxd5 g3 35.
Qg2 Qh5 36. Re3 Rd8 37. Rxg3 Rd1 38. Rxd1 Qxd1+ 39. Kxh2 Qh5+ 40. Kg1 Qd1+ 41. Qf1 Qxf1+ 42. Kxf1 Ne4 43. Re3 Bxf5 44. Bxf6+ Nxf6 45. b5 Be4 46. c6 bxc6 47. b6 c5 48. Rxe4 Nxe4 49. b7 c4 50.
b8=Q+ Kh7 51. Qe5 Nd2+ 52. Ke2 c3 53. Qxc3 Nb1 54. Qc2+ Kg7 55. Qxb1 Kf6 56. Qb4 Kxe6 57. Qxa4 Kf6 58. Ke3 e5 59. Ke4 Ke6 60. Qc6+ Ke7 61. Kxe5 Kd8 62. Qb7 1-0

[Event "Late-Titled-Tuesday-Blitz-January-23-2024"]
[Site "Chess.com"]
[Date "2024.01.23"]
[Round "5"]
[White "SpeedofLight0"]
[Black "Firouzja2003"]
[Result "0-1"]
[WhiteElo "2953"]
[BlackElo "3147"]
[TimeControl "180+1"]
[EndTime "14:55:43 PST"]
[Termination "Firouzja2003 won by resignation"]

1. d4 Nf6 2. c4 g6 3. Nc3 Bg7 4. e4 d6 5. h3 O-O 6. Be3 c6 7. f4 e5 8. fxe5 dxe5 9. dxe5 Nh5 10. Qxd8 Rxd8 11. Nf3 Nd7 12. e6 fxe6 13. Kf2 Bxc3 14. bxc3 Ndf6 15. Ng5 e5 16. g4 Ng7 17. c5 Be6 18.
Nxe6 Nxe6 19. Bc4 Kf7 20. Kf3 Ke7 21. Rab1 Rd7 22. Rb2 Rf8 23. Bh6 Rf7 24. Ke3 Ng8 25. g5 Nxh6 26. gxh6 Rf4 27. Bxe6 Kxe6 28. Rhb1 Rh4 29.
Rxb7 Rxh3+ 30. Ke2 Rh2+ 31. Ke3 Rxh6 32. Rxd7 Kxd7 33.
Rb7+ Ke6 34. Rxa7 Rh3+ 35. Kd2 Rh2+ 36. Ke3 Kf6 37. Ra6 Kg5 38. Rxc6 Rh3+ 39. Kd2 Kf4 40. Rd6 Rh2+ 41. Kd3 Rxa2 42. c6 Ra8 43. Rf6+ Kg5 44. Rf7 h5 45. Kc4 h4 46. Kd5 Rh8 47. c7 h3 48. Rf1 Kh4 49. Kxe5 g5 50. Kd6 g4 51. e5 g3 52. e6 g2 53. Re1 h2 54.
Re4+ Kg3 55. e7 g1=Q 56. e8=Q Rxe8 57. Rxe8 Qd1+ 58. Kc5 h1=Q 59. c8=Q Qhh5+ 60. Kb6 Qb3+ 61. Kc7 Qxc3+ 62. Kb8 Qb5+ 63. Qb7 Qxe8+ 64. Ka7 Qa4+ 0-1

[Event "Late-Titled-Tuesday-Blitz-January-23-2024"]
[Site "Chess.com"]
[Date "2024.01.23"]
[Round "5"]
[White "rychessmaster1"]
[Black "VladimirKramnik"]
[Result "1/2-1/2"]
[WhiteElo "2735"]
[BlackElo "2938"]
[TimeControl "180+1"]
[EndTime "14:55:44 PST"]
[Termination "Game drawn - insufficient material"]

1. d4 d5 2. c4 e6 3. Nc3 Nf6 4. Nf3 c6 5. g3 dxc4 6. Bg2 Nbd7 7. O-O b5 8. e4 Bb7 9. e5 Nd5 10. Ng5 h6 11. Nge4 Be7 12. Qg4 Kf8 13. Be3 a5 14.
Rfd1 Kg8 15. Rac1 Kh7 16. Qe2 Rf8 17. f4 Kg8 18. Nc5 Bxc5 19. dxc5 b4 20. Ne4 Ba6 21. Qf2 Qe7 22. Nd6 c3 23. Bxd5 cxb2 24. Qxb2 exd5 25. Bd4 Rab8 26. Re1 a4 27. f5 a3 28. Qf2 Qg5 29. f6 g6 30. Be3 Qg4 31.
Bxh6 b3 32. axb3 Rxb3 33. Rc2 Bd3 34. Ra2 Bb1 35. Ra1 a2 36. Rxa2 Bxa2 37. Qxa2 Rxg3+ 38.
hxg3 Qxg3+ 39. Kf1 Qh3+ 40. Qg2 Qxh6 41. e6 fxe6 42.
f7+ Kg7 43. Qg4 Nf6 44. Qxe6 Qf4+ 45. Kg2 Qg4+ 46. Qxg4 Nxg4 47. Re7 Nh6 48. Rc7 Nxf7 49. Nxf7 Rxf7 50. Rxc6 Rd7 51. Kf3 Kf7 52. Ke3 d4+ 53. Kd3 Rd5 54. Rc8 g5 55. c6 Ke7 56. Rg8 Kd6 57.
Rg6+ Kc7 58. Kc4 Rd6 59. Rxd6 Kxd6 60. Kxd4 Kxc6 61. Ke4 Kb5 62. Kf5 Kc4 63. Kxg5 1/2-1/2

[Event "Late-Titled-Tuesday-Blitz-January-23-2024"]
[Site "Chess.com"]
[Date "2024.01.23"]
[Round "5"]
[White "TanitoluwaAps116"]
[Black "Arteler"]
[Result "1/2-1/2"]
[WhiteElo "2709"]
[BlackElo "2526"]
[TimeControl "180+1"]
[EndTime "14:55:44 PST"]
[Termination "Game drawn - insufficient material"]

1. e4 e6 2. d4 d5 3. exd5 exd5 4. Nf3 Bd6 5. c4 dxc4 6. Bxc4 Nf6 7. Qe2+ Qe7 8. Qxe7+ Kxe7 9. Nc3 Re8 10. O-O h6 11. Nb5 Bg4 12. Ne5 Be6 13. Re1 Bxc4 14. Nxc4+ Kf8 15. Rxe8+ Nxe8 16. Ncxd6 cxd6 17. Bf4 Nc6 18. Nxd6 Nxd4 19. Kf1 Ne6 20. Nxe8 Kxe8 21. Be3 a6 22.
Ke2 Rc8 23. Kd3 Ke7 24. g4 Rd8+ 25. Ke4 Rc8 26. Kd3 Rd8+ 27. Ke2 Rc8 28. Rd1 Rc2+ 29. Rd2 Rxd2+ 30. Kxd2 Kd6 31. Kd3 Kd5 32. b3 Nd8 33. f4 Nc6 34. a3 Na5 35. b4 Nc4 36. Bd4 g6 37. a4 b5 38. axb5 axb5 39. h3 h5 40. Bc3 Nd6 41. Be5 Ne4 42. Bd4 Ng3 43. Bf2 Ne4 44. Bd4 Nd6 45. f5 hxg4 46. fxg6 fxg6 47.
hxg4 Nf7 48. Ke3 Ne5 49. Ba1 Nxg4+ 50. Kf4 Nf2 51. Kg5 Nd3 52. Kxg6 Nxb4 53. Kf5 Nc2 54. Bb2 b4 55. Kf4 b3 56. Kf3 Kc4 57. Ke2 Nb4 58. Kd2 Nd3 59. Ba3 Ne5 60. Kc1 Nf3 61. Bb2 Ne1 62. Kd2 Nc2 63. Kc1 Nb4 64. Kb1 Kd3 65.
Bh8 Nd5 66. Bb2 Kc4 67. Bh8 Kb4 68. Bb2 Ne3 69. Bh8 Nc4 70. Bb2 Kc5 71. Bh8 Kd5 72. Bg7 Ke4 73. Bh8 Kd3 74. Bg7 Nd2+ 75. Kb2 Kc4 76. Bh8 Kb4 77. Bc3+ Kc4 78. Bxd2 Kd3 79. Kxb3 1/2-1/2

[Event "Late-Titled-Tuesday-Blitz-January-23-2024"]
[Site "Chess.com"]
[Date "2024.01.23"]
[Round "5"]
[White "cristiano78"]
[Black "C_K_G"]
[Result "1/2-1/2"]
[WhiteElo "2215"]
[BlackElo "2135"]
[TimeControl "180+1"]
[EndTime "14:55:44 PST"]
[Termination "Game drawn by repetition"]

1. d4 d5 2. c4 e6 3. Nf3 Nf6 4. Nc3 b6 5. Bg5 Be7 6. e3 Bb7 7. Bxf6 Bxf6 8. cxd5 exd5 9. b4 O-O 10. Be2 Re8 11.
O-O c5 12. bxc5 bxc5 13. Rb1 Qe7 14. Qb3 Bc6 15. Nxd5 Bxd5 16. Qxd5 Nd7 17. Rb7 Red8 18. Bb5 Nb6 19. Qc6 Qf8 20. dxc5 Rdc8 21. Rc7 Rxc7 22.
Qxc7 Rc8 23. Qxa7 Qxc5 24. a4 h5 25. a5 Nd5 26. Qxc5 Rxc5 27. Be2 Rxa5 28. Ne1 g6 29. Bf3 Nc3 30. g3 Ra2 31. Nd3 Kg7 32. Nf4 Be5 33.
Nd5 Nxd5 34. Bxd5 Rd2 35. e4 Bd4 36. Kg2 f5 37. exf5 gxf5 38. Bf3 Kh6 39. h4 Kg6 40. Bd1 f4 41. Bf3 fxg3 42. Kxg3 Be5+ 43. Kg2 Bd4 44. Kg3 Be5+ 45. Kg2 Bf6 46. Rd1 Rxd1 47. Bxd1 Bxh4 48. Bc2+ Kg5 49. f3 Kf4 50. Bb3 Be1 51. Bf7 h4 52.
Bd5 Bd2 53. Kh3 Be1 54. Be4 Ke3 55. Bc6 Kf4 56. Bb7 Bg3 57. Ba8 Bf2 58. Bb7 Bg3 59. Bc6 Be1 60. Bb7 Bg3 1/2-1/2

[Event "Late-Titled-Tuesday-Blitz-January-23-2024"]
[Site "Chess.com"]
[Date "2024.01.23"]
[Round "5"]
[White "Rawnsdale"]
[Black "pr1105"]
[Result "0-1"]
[WhiteElo "2529"]
[BlackElo "2324"]
[TimeControl "180+1"]
[EndTime "14:55:47 PST"]
[Termination "pr1105 won by resignation"]

1. e4 e5 2. Nf3 Nc6 3. Bb5 Nf6 4. O-O Nxe4 5. Re1 Nd6 6. Nxe5 Be7 7. Bf1 Nxe5 8. Rxe5 O-O 9. d4 Bf6 10. Re1 Nf5 11. c3 d5 12. Bf4 c6 13. Nd2 Bg5 14.
Qg4 Bxf4 15. Qxf4 Qd6 16. Qf3 Nh4 17. Qh5 Qf6 18. Bd3 g6 19. Qe5 Qxe5 20. Rxe5 Bf5 21. Bf1 Be6 22. Rae1 Rae8 23. Bd3 Bd7 24. f4 Nf5 25. Kf2 Nd6 26. g3 f6 27. Re7 Rxe7 28.
Rxe7 Rf7 29. Re1 Kf8 30. c4 dxc4 31. Nxc4 Nxc4 32. Bxc4 Re7 33. Rc1 Be6 34. b3 Kf7 35.
Kf3 Rd7 36. Ke3 Bd5 37. Bxd5+ Rxd5 38. Rc5 Ke6 39. Rc4 h5 40. Ra4 a5 41. b4 axb4 42. Rxb4 Rd7 43. h3 Kd5 44. g4 hxg4 45. hxg4 Rh7 46.
Kf2 b5 47. Kg3 Rh1 48. g5 Rg1+ 49. Kf3 fxg5 50. fxg5 Rxg5 51. Kf4 Rg1 52. a4 bxa4 53. Rxa4 Rd1 54. Kg5 Rxd4 55. Ra5+ c5 56. Kxg6 Re4 57. Kf5 Re8 58. Ra7 Kd4 59. Rd7+ Kc3 60. Kf4 c4 61. Kf3 Kc2 62. Rc7 c3 63. Rb7 Kc1 64. Rc7 c2 65. Rc6 Re5 66. Kf2 Rb5 67. Ke2 Kb1 68. Kd2 Rd5+ 69.
Ke2 c1=Q 70. Rxc1+ Kxc1 0-1

[Event "Late-Titled-Tuesday-Blitz-January-23-2024"]
[Site "Chess.com"]
[Date "2024.01.23"]
[Round "5"]
[White "WPWPWP-2015"]
[Black "Filipets"]
[Result "1-0"]
[WhiteElo "2505"]
[BlackElo "2594"]
[TimeControl "180+1"]
[EndTime "14:55:48 PST"]
[Termination "WPWPWP-2015 won by resignation"]

1. e4 e6 2. d4 d5 3. Nc3 Nf6 4. Bg5 Be7 5. Bd3 dxe4 6. Nxe4 Nxe4 7. Bxe7 Qxe7 8. Bxe4 Qb4+ 9. c3 Qxb2 10. Ne2 Nd7 11.
O-O O-O 12. Qd3 Nf6 13. Rfb1 Qa3 14. Bxb7 Bxb7 15. Rxb7 Rfc8 16. Qf3 c5 17. dxc5 Qxc5 18. h3 Qd5 19. Qxd5 Nxd5 20. Rc1 Rc4 21. Kf1 a5 22.
Ke1 Rd8 23. Rb5 a4 24. Rc2 g6 25. g3 h5 26. h4 Kg7 27. Rb7 Rdc8 28. Kd2 Rd8 29. Kc1 Nf6 30. Nd4 Kg8 31. Kb2 Ne4 32.
a3 Nc5 33. Rb5 Rd5 34. Kb1 Kg7 35. Rb4 Rxb4+ 36. axb4 Ne4 37. Kb2 e5 38. Nc6 Nd6 39. c4 Rd1 40. b5 e4 41. Na7 Rd4 42. b6 Nxc4+ 43. Kc3 Rd6 44. Kxc4 Rxb6 45. Ra2 Ra6 46. Nb5 f5 47. Nc3 Rc6+ 48. Kd4 Kf6 49. Rxa4 Rd6+ 50. Kc4 Rd2 51. Ra6+ Ke5 52. Ra2 Rd3 53. Ra5+ Ke6 54. Ra6+ Ke5 55. Ra5+ Ke6 56. Ra1 Rd2 57. Rf1 Rc2 58.
Kb3 Rd2 59. Na4 Ke5 60. Nb6 Rd6 61. Nc4+ Ke6 62. Nxd6 Kxd6 63. Kc3 Kd5 64. Kd2 Kd4 65.
Ke2 Ke5 66. Ra1 f4 67. Ra5+ Kd4 68. gxf4 1-0

[Event "Late-Titled-Tuesday-Blitz-January-23-2024"]
[Site "Chess.com"]
[Date "2024.01.23"]
[Round "5"]
[White "Sebastian"]
[Black "Rodalquilar"]
[Result "1-0"]
[WhiteElo "2998"]
[BlackElo "2751"]
[TimeControl "180+1"]
[EndTime "14:55:51 PST"]
[Termination "Sebastian won on time"]

1. e4 d5 2. exd5 Qxd5 3. Nc3 Qa5 4. d4 Nf6 5. Nf3 Bf5 6. Bd2 e6 7. Ne5 Qb6 8. Qf3 c6 9. O-O-O Nbd7 10. Bd3 Bxd3 11.
Qxd3 Rd8 12. Qg3 Qxd4 13. Bf4 Qc5 14. Nxd7 Nxd7 15. Bc7 Rc8 16. Ne4 Qf5 17. Rhe1 Nf6 18. Nd6+ Bxd6 19. Bxd6 Qg6 20. Qe3 Ra8 21. Qb3 b6 22.
Qa4 Qxg2 23. Qa6 c5 24. Qa4+ Nd7 25. Bc7 O-O 26. Qxd7 Qxf2 27. Rg1 Qf6 28. Kb1 Rac8 29. Rdf1 Qh6 30. Be5 f6 31. Qxe6+ Kh8 32. Bf4 Qh5 33. Qd7 Qf7 34. Qxf7 Rxf7 35. h4 Re8 36. Re1 Rfe7 37.
Rxe7 Rxe7 38. b3 Re4 39. Rf1 Kg8 40. a4 a6 41. c4 b5 42. axb5 axb5 43. cxb5 Rb4 44.
Kc2 Rxb5 45. Kc3 Rb4 46. Bg3 Rg4 47. Be1 Kf7 48. Rf5 Rg1 49. Bf2 Rf1 50. Kd3 Ke6 51. Rf3 Rc1 52. Re3+ Kd5 53. Re7 g5 54. h5 h6 55.
Rd7+ Ke6 56. Rh7 Kf5 57. Rxh6 Kg4 58. Rxf6 Kxh5 59. Rf5 Rf1 60. Ke2 Rb1 61. Rf3 g4 62.
Rc3 Rb2+ 63. Kf1 Kg5 64. Kg2 Kf4 65. Rc4+ 1-0

[Event "Late-Titled-Tuesday-Blitz-January-23-2024"]
[Site "Chess.com"]
[Date "2024.01.23"]
[Round "5"]
[White "LyonBeast"]
[Black "FabianoCaruana"]
[Result "0-1"]
[WhiteElo "3163"]
[BlackElo "3049"]
[TimeControl "180+1"]
[EndTime "14:55:53 PST"]
[Termination "FabianoCaruana won by resignation"]

1. e4 c5 2. Nf3 Nc6 3. Bb5 d6 4. O-O Bd7 5. c3 Nf6 6. Re1 a6 7. Bc4 b5 8. Bf1 e5 9. a4 b4 10. h3 Be7 11. d4 O-O 12. d5 Na5 13. c4 g6 14. Bh6 Re8 15. Nbd2 Bf8 16. Be3 Nh5 17.
g3 Ng7 18. Kh2 f5 19. Bd3 Be7 20. exf5 gxf5 21. Ng1 Bf6 22. Rb1 b3 23. f4 e4 24.
Bf1 Bxa4 25. Ne2 Rb8 26. Ra1 Bd7 27. Qc1 Rb4 28. Nc3 Bd4 29. Nd1 Qb6 30. Nb1 Nb7 31. Nbc3 a5 32. Bd2 a4 33. Ne3 Ra8 34. Nb1 Qd8 35.
Bc3 Qf6 36. Qd2 Rb6 37. Rd1 Be8 38. Ra3 Bh5 39. Bxd4 cxd4 40. Qxd4 Qxd4 41. Rxd4 Nc5 42. Nc3 Be8 43. g4 Bd7 44. Be2 Kf7 45. Kg3 Kf6 46. g5+ Ke7 47. h4 Ne8 48. h5 Nc7 49. h6 N7a6 50. Bf1 Nb4 51. Rd2 Nbd3 52. Bh3 Rf8 53. Ne2 Rb4 54. Nd4 Kd8 55. Bxf5 Bxf5 56. Ndxf5 Kd7 57. Rh2 Ne1 58. Nd4 Ncd3 59. f5 Nf3 60. g6 Nxd4 61. g7 Rg8 62. f6 Ke8 63. Rh4 Nc5 64. Rf4 Kf7 65. Ng4 Nc2 66. Ne3 Nxa3 67. bxa3 b2 68. Nf5 b1=Q 69. Nxd6+ Kg6 70. f7 Qg1+ 71. Kh4 Qh2+ 72. Kg4 Qg2+ 73. Kh4 Qg5+ 74.
Kh3 Qxh6+ 0-1

[Event "Late-Titled-Tuesday-Blitz-January-23-2024"]
[Site "Chess.com"]
[Date "2024.01.23"]
[Round "5"]
[White "MikaelyanArman"]
[Black "ozates"]
[Result "0-1"]
[WhiteElo "2833"]
[BlackElo "2621"]
[TimeControl "180+1"]
[EndTime "14:55:54 PST"]
[Termination "ozates won on time"]

1. d4 Nf6 2. Nf3 d5 3. c4 c6 4. Nbd2 Bf5 5. e3 e6 6. Be2 h6 7. O-O Be7 8. b3 O-O 9. Bb2 Ne4 10. Nxe4 Bxe4 11. Nd2 Bg6 12. a3 a5 13. Bc3 Nd7 14.
b4 axb4 15. axb4 Rxa1 16. Qxa1 Qa8 17. b5 cxb5 18. cxd5 b4 19. Bb2 exd5 20. Rc1 Bd6 21. Nf3 Nb6 22. Ne5 Bf5 23. Bb5 Qxa1 24. Bxa1 Rc8 25. Rxc8+ Bxc8 26. Kf1 Bxe5 27. dxe5 Nc4 28. Ke2 Bf5 29. f3 Na3 30. Ba4 b5 31. Bb3 Nc4 32.
Bd4 Be6 33. h3 g5 34. g4 Kg7 35. f4 Kf8 36. f5 Bd7 37. Bc5+ Ke8 38. Bxb4 Nxe5 39.
Bxd5 Bc6 40. Bb3 Bg2 41. Bc3 f6 42. Kf2 Bxh3 43. Bxe5 fxe5 44. Bd1 Kf7 45. e4 b4 46.
Kf3 Bf1 47. Bb3+ Kf6 48. Ke3 Bb5 49. Kd2 Be8 50. Ke3 h5 51. gxh5 Bxh5 52. Bc4 g4 53.
Kf2 Kg5 54. Kg3 Be8 55. Be6 Bc6 56. f6 Kxf6 57. Bxg4 Bxe4 58. Bd1 Bd3 59. Kf2 e4 60. Ke3 Ke5 61. Bb3 Bb5 62. Bg8 Bd7 63. Bb3 Bf5 64.
Bc2 Kd5 65. Kf4 Bh7 66. Ke3 Kc4 67. Bd1 Kc3 68. Ba4 b3 0-1

[Event "Late-Titled-Tuesday-Blitz-January-23-2024"]
[Site "Chess.com"]
[Date "2024.01.23"]
[Round "5"]
[White "Harry_Rakkel"]
[Black "mbojan"]
[Result "1/2-1/2"]
[WhiteElo "2702"]
[BlackElo "2873"]
[TimeControl "180+1"]
[EndTime "14:55:56 PST"]
[Termination "Game drawn by repetition"]

1. e4 c5 2. Nf3 Nc6 3. d4 cxd4 4. Nxd4 Nf6 5. Nc3 e5 6. Ndb5 d6 7. Bg5 a6 8. Na3 b5 9. Nd5 Be7 10. Bxf6 Bxf6 11. c3 O-O 12. Nc2 Rb8 13. h4 g6 14.
g3 a5 15. a3 Bg7 16. h5 Be6 17. Nce3 Ne7 18. Bg2 Nxd5 19. Nxd5 Qd7 20. Qd3 Rfc8 21. Rd1 Rc5 22. Ne3 b4 23. hxg6 hxg6 24. cxb4 axb4 25. Qxd6 Qxd6 26. Rxd6 bxa3 27. bxa3 Rc1+ 28. Ke2 Rxh1 29. Bxh1 Bf8 30. Rd3 Rb2+ 31. Kf3 Ra2 32. Bg2 Bxa3 33. Rd8+ Kg7 34. Ra8 Bc5 35. Rxa2 Bxa2 36.
Bf1 Be6 37. Bc4 Bd7 38. Bd5 f5 39. Nc4 Kf6 40. Kg2 Bb5 41. f3 Bd4 42. Kh3 Ba4 43. Kg2 Bc2 44. Nd6 Bd3 45. Nc4 Bc2 46. Nd6 Bd3 47. Nc4 Be2 48. Nd6 f4 49. g4 Bd3 50.
Bc4 Bc2 51. Bd5 Bd3 52. Bc4 Bc2 53. Bd5 Ba4 54. Nc4 Bb5 55. Nd6 Bd7 56. Nc4 Ke7 57.
Nd2 Bb5 58. Nc4 g5 59. Kf1 Kd7 60. Ke2 Kc7 61. Kd3 Ba4 62. Kd2 Bb5 63. Kd3 Kd7 64. Kd2 Kd8 65. Kd3 Kc7 66. Kd2 Ba4 67.
Ke2 Bb5 68. Kd2 Ba6 69. Ke2 Bc8 70. Kd2 Bd7 71. Ke2 Bb5 1/2-1/2

[Event "Late-Titled-Tuesday-Blitz-January-23-2024"]
[Site "Chess.com"]
[Date "2024.01.23"]
[Round "5"]
[White "Viktor_Poddubnyi"]
[Black "Mikhal867"]
[Result "0-1"]
[WhiteElo "2253"]
[BlackElo "2426"]
[TimeControl "180+1"]
[EndTime "14:55:57 PST"]
[Termination "Mikhal867 won on time"]

1. e4 g6 2. d4 Bg7 3. c4 d6 4. Nc3 Nf6 5. Nf3 O-O 6. Be2 e5 7. O-O Nc6 8. d5 Ne7 9. Kh1 Nd7 10. Ng1 f5 11. Bf3 a5 12. Bd2 Nc5 13. Qe2 h6 14. b3 g5 15. exf5 Nxf5 16. Be4 Nd4 17. Qd1 g4 18. Be3 Bd7 19. Rc1 Qh4 20.
Nge2 Nxe4 21. Nxe4 Bf5 22. N4g3 Nxe2 23. Qxe2 Bh7 24.
Kg1 Kh8 25. c5 a4 26. b4 Bg6 27. cxd6 cxd6 28. Rc7 Qd8 29. Rxb7 h5 30. Rc1 Rc8 31. Rc6 Rxc6 32. dxc6 d5 33. Rd7 Qc8 34. b5 d4 35.
Bg5 d3 36. Qe3 Rf4 37. Rd8+ Qxd8 38. Bxd8 Rd4 39. Qd2 Rxd8 40. c7 Rc8 41. b6 Kh7 42. b7 Rxc7 43. b8=Q Rc2 44. Qbb4 e4 45. Qxc2 dxc2 46.
Qd2 e3 47. fxe3 Bb2 48. Ne2 a3 49. Kf2 Be4 50. h3 gxh3 51. gxh3 Kg7 52. Ng3 Bg6 53. e4 c1=Q 54. Qd7+ Kg8 55. Qd8+ Kf7 56. Qd7+ Kf8 57. Qd6+ Kg7 58. Qe7+ Kh6 59. Qf8+ Bg7 60. Qf3 Qd2+ 0-1

[Event "Late-Titled-Tuesday-Blitz-January-23-2024"]
[Site "Chess.com"]
[Date "2024.01.23"]
[Round "5"]
[White "mightysmasher"]
[Black "dodoucb"]
[Result "0-1"]
[WhiteElo "2581"]
[BlackElo "2470"]
[TimeControl "180+1"]
[EndTime "14:55:59 PST"]
[Termination "dodoucb won by checkmate"]

1. e4 c6 2. d4 d5 3. Nd2 dxe4 4. Nxe4 Bf5 5. Ng3 Bg6 6. h4 h6 7. Nf3 Nd7 8. c3 e6 9. Bd3 Bxd3 10. Qxd3 Ngf6 11. Be3 Bd6 12. O-O-O Qa5 13. Kb1 O-O-O 14. Ne4 Nxe4 15. Qxe4 Rhe8 16. Bd2 Nf6 17. Qc2 Ng4 18. Rhf1 Qf5 19. Qxf5 exf5 20. Ng1 Re6 21. Kc2 Rde8 22. Kd3 Be7 23. g3 Bf6 24. Kc2 Bd8 25. Rde1 Bb6 26.
Rxe6 Rxe6 27. Nh3 Bc7 28. Re1 Kd7 29. Rxe6 fxe6 30. Kd3 e5 31. dxe5 Nxe5+ 32. Ke2 Nc4 33. Bc1 Ke6 34. b3 Nb6 35. c4 Nd7 36. Bb2 g6 37.
Ng1 Be5 38. Bc1 Bg7 39. Nf3 b5 40. Kd3 Nc5+ 41. Ke2 Ne4 42. cxb5 cxb5 43. Be3 a6 44. a3 Bf8 45. Nd4+ Kd5 46. Nc2 Nc3+ 47. Kd3 Ne4 48. b4 Bg7 49. Nd4 Nd6 50. Nc2 Nc4 51. Bc1 h5 52. Ne3+ Nxe3 53. Bxe3 Bb2 54. Kc2 Be5 55. Kb3 Ke4 56. Bc5 Bd4 57. Bxd4 Kxd4 58. a4 Ke4 59.
axb5 axb5 60. Kc3 Kf3 61. Kd4 Kxf2 62. Kc5 Kxg3 63. Kxb5 f4 64. Kc4 f3 65. b5 f2 66.
b6 f1=Q+ 67. Kc5 Qf8+ 68. Kc6 Qb8 69. b7 Kxh4 70. Kb6 Kg3 71. Kc6 h4 72. Kb6 h3 73.
Kc6 h2 74. Kb6 h1=Q 75. Ka5 Qhxb7 76. Ka4 Q8a8# 0-1

[Event "Late-Titled-Tuesday-Blitz-January-23-2024"]
[Site "Chess.com"]
[Date "2024.01.23"]
[Round "5"]
[White "Herman-NY"]
[Black "karinachess1"]
[Result "1-0"]
[WhiteElo "2487"]
[BlackElo "2612"]
[TimeControl "180+1"]
[EndTime "14:56:00 PST"]
[Termination "Herman-NY won by resignation"]

1. e4 e5 2. Nf3 Nc6 3. Bb5 Nf6 4.
d3 d6 5. O-O g6 6. a4 Bg7 7. a5 a6 8. Bc4 O-O 9. Re1 Kh8 10. Bg5 Qe8 11. Nc3 Nh5 12. Nd5 Qd7 13. Nh4 f6 14. Bd2 Ne7 15. Nxe7 Qxe7 16. Nf5 gxf5 17.
Qxh5 fxe4 18. dxe4 f5 19. Bg5 Qe8 20. Qxe8 Rxe8 21. exf5 Bxf5 22. c3 c6 23. Ra3 d5 24.
Bf1 Rf8 25. Rb3 Rf7 26. g3 Raf8 27. Be3 Be6 28. Bc5 Re8 29. Rb4 Bc8 30. Be2 Bf8 31.
Bh5 Bxc5 32. Bxf7 Rf8 33. Bh5 Bxb4 34. cxb4 e4 35. f3 Bf5 36. fxe4 Bxe4 37. Rf1 Kg7 38.
Rxf8 Kxf8 39. Kf2 Ke7 40. Ke3 Kd6 41. Kd4 Bc2 42. h4 Bb1 43. Be2 h6 44. g4 Ke7 45.
g5 hxg5 46. hxg5 Bf5 47. Bh5 Kd6 48. g6 Be6 49. g7 Bg8 50. Bg6 Ke6 51. Bd3 Kf6 52. Kc5 Ke5 53. Kb6 Kd4 54. Bf5 Kc4 55.
Kxb7 Kxb4 56. Kxa6 c5 57. Kb6 d4 58. a6 c4 59. a7 Bd5 60. g8=Q Bxg8 61. a8=Q c3 62. Qa5+ Kb3 63. bxc3 dxc3 64. Qe5 Bc4 65. Qe3 Kb2 66. Qf2+ Kb3 67. Qc2+ Kb4 68. Qc1 Bb3 69.
Bc2 Bc4 70. Kc7 Kc5 71. Kd8 Kd4 72. Ke7 Bd5 73. Kf6 Kc4 74. Kf5 Bc6 75. Kf4 Bd5 76. Ke3 Bc6 77. Qb1 Bb5 78. Qb3+ 1-0

[Event "Late-Titled-Tuesday-Blitz-January-23-2024"]
[Site "Chess.com"]
[Date "2024.01.23"]
[Round "5"]
[White "azikom"]
[Black "Byniolus"]
[Result "1-0"]
[WhiteElo "2694"]
[BlackElo "2849"]
[TimeControl "180+1"]
[EndTime "14:56:04 PST"]
[Termination "azikom won on time"]

1. c4 c6 2. e4 d5 3. exd5 cxd5 4. cxd5 Nf6 5. Qa4+ Nbd7 6. Nc3 g6 7. Bc4 Bg7 8.
d3 O-O 9. Nf3 Ne8 10. O-O Nd6 11.
Qb3 a6 12. a4 Rb8 13. a5 b5 14. axb6 Nxb6 15. Qa2 Ndxc4 16. dxc4 Qc7 17. Nd2 Bf5 18. Re1 Rfc8 19. h3 h5 20. Qa5 Nxc4 21. Qxc7 Rxc7 22. Nxc4 Rxc4 23. Rxe7 Bf6 24. Re1 Rxc3 25. bxc3 Bxc3 26.
Bf4 Rd8 27. d6 Bxe1 28. Rxe1 Bd3 29. Re7 Bb5 30. Ra7 Rd7 31. Ra8+ Kg7 32. h4 f6 33.
f3 Kf7 34. Rb8 Ke6 35. Kf2 Kf5 36. Bg3 g5 37. hxg5 fxg5 38. Rf8+ Kg6 39. Rg8+ Kf6 40. Rh8 h4 41. Bh2 a5 42. Rb8 Bc6 43. Rb6 Bd5 44.
Rb5 Be6 45. Rxa5 Rb7 46. Be5+ Kg6 47. Rc5 Ra7 48. Bd4 Ra2+ 49. Kg1 Rd2 50. Rxg5+ Kxg5 51. Be3+ Kf5 52. Bxd2 Ke5 53. Bb4 Bd7 54. Kh2 Be6 55.
Ba3 Bd7 56. Kg1 Be6 57. Kf2 Bd7 58. Kg1 Be6 59. Kh2 Bd7 60. Bb4 Be6 61. Be1 h3 62. g3 Kxd6 63. g4 Bd5 64. f4 Bf3 65. Kxh3 Ke6 66. Kg3 Bc6 67. Bc3 Kf7 68. f5 Be8 69.
Kf4 Kg8 70. g5 Bb5 71. g6 1-0